 Dungeon Crawl Stone Soup version 0.21.1-1-g345015fe64 (webtiles) character file.

100 Norri the Skirmisher (level 4, -3/44 HPs)
             Began as a Minotaur Gladiator on Mar 15, 2018.
             Slain by a gnoll
             ... wielding a +0 flail
              (4 damage)
             ... on level 2 of the Dungeon.
             The game lasted 00:06:13 (1082 turns).

Norri the Skirmisher (Minotaur Gladiator)           Turns: 1082, Time: 00:06:14

Health: -3/44      AC:  6    Str: 19    XL:     4   Next: 47%
Magic:  3/3        EV: 11    Int:  6    God:
Gold:   83         SH:  0    Dex: 11    Spells: 3/3 levels left

rFire    . . .     SeeInvis .   a - +0 long sword
rCold    . . .     Gourm    .   (no shield)
rNeg     . . .     Faith    .   q - +0 scale mail
rPois    .         Spirit   .   c - +0 hat
rElec    .         Reflect  .   (no cloak)
rCorr    .         Harm     .   (no gloves)
MR       .....                  (no boots)
Stlth    ..........             (no amulet)
HPRegen  0.14/turn              (no ring)
MPRegen  0.08/turn              (no ring)

@: no status effects
A: retaliatory headbutt, horns 2
a: no special abilities


You were on level 2 of the Dungeon.
You were not hungry.

You visited 1 branch of the dungeon, and saw 2 of its levels.

You collected 83 gold pieces.

Inventory:

Hand Weapons
 a - a +0 long sword (weapon)
 d - a +0 flail of protection
Armour
 b - a +0 leather armour
 c - a +0 hat (worn)
 q - a +0 scale mail (worn)
Jewellery
 n - an uncursed ring of fire {unknown}
Scrolls
 e - a scroll of fear {unknown}
 l - a scroll of teleportation {unknown}
 m - a scroll of magic mapping {unknown}
Potions
 g - 2 potions of flight {unknown}
 h - a potion of heal wounds {unknown}
 j - a potion of degeneration {unknown}
 o - a potion of invisibility {unknown}
 p - a potion of agility {unknown}
 r - a potion of curing {unknown}
Comestibles
 f - 4 rations


   Skills:
 + Level 5.8 Fighting
 - Level 3.6 Long Blades
 - Level 2.0 Throwing
 - Level 3.2 Dodging


You had 3 spell levels left.
You didn't know any spells.

Dungeon Overview and Level Annotations

Branches:
Dungeon (2/15)

Altars:


Innate Abilities, Weirdness & Mutations

You reflexively headbutt those who attack you in melee.
You have a pair of horns on your head.


Message History

The gnoll hits you but does no damage.
Things that are here:
a flail of protection; a gnoll corpse
d - a flail of protection The gnoll barely misses you.
You hit the rat.
You kill the rat!
The gnoll barely misses you. The gnoll hits you but does no damage.
You completely miss the gnoll. The gnoll hits you with a spear.
You barely miss the gnoll. Your headbutt misses the gnoll.
You barely miss the gnoll. The gnoll hits you with a spear.
* * * LOW HITPOINT WARNING * * *
The gnoll hits you with a flail!
* * * LOW HITPOINT WARNING * * *
The gnoll misses you.
You slash the gnoll!
The gnoll is severely wounded.
The gnoll hits you with a flail.
You die...

#### #.. .# #.# .# #.##.#
#..#.#
#########)#.#############
#.......#(#.............###
#.#####.#.gg.# #....... #.#
#.#(@#.#######.##.### #.#
#.#†.#..g............ #.#
#.#.(###.......##.### #.#
#.#....#.......##.###
####.#####.#<(###..##...##....
#...........(.......gg.grg....
#.##.#####.#.[####..#...#.#.##
#.##.# #.#.)# #..#.###.#...
#.##.# #.#..####..#.# #.#.##


You could see 2 gnolls.

Vanquished Creatures
  Jessica (D:2)
  3 gnolls
  An adder (D:2)
  A dart slug (D:1)
  2 leopard geckos (D:1)
  3 giant cockroaches (D:1)
  5 hobgoblins
  2 bats (D:1)
  A frilled lizard (D:1)
  5 goblins (D:1)
  5 kobolds (D:1)
  8 rats
37 creatures vanquished.

Notes
Turn   | Place    | Note
-------+----------+-------------------------------------------
     0 | D:1      | Norri the Minotaur Gladiator began the quest for the Orb.
     0 | D:1      | Reached XP level 1. HP: 18/18 MP: 0/0
    72 | D:1      | Reached skill level 3 in Fighting
    99 | D:1      | Reached XP level 2. HP: 16/26 MP: 1/1
   245 | D:1      | Reached skill level 4 in Fighting
   405 | D:1      | Reached XP level 3. HP: 33/34 MP: 2/2
   848 | D:2      | Reached skill level 5 in Fighting
   906 | D:2      | Noticed Jessica
   913 | D:2      | Killed Jessica
   913 | D:2      | Reached XP level 4. HP: 40/42 MP: 3/3
  1081 | D:2      | HP: 1/44 [gnoll/flail (10)]
  1082 | D:2      | Slain by a gnoll

Skill      XL: |  1  2  3 |
---------------+----------+-----
Fighting       | 3 4 5 |  5.8
Long Blades    | |  3.6
Throwing       | |  2.0
Dodging        | |  3.2

Action                   |  1- 3 |  4- 6 || total
-------------------------+-------+-------++-------
Melee: Long sword        |    60 |    17 ||    77
       Headbutt          |     8 |       ||     8
Throw: Stone             |     7 |     9 ||    16
       Throwing net      |     2 |     2 ||     4
 Stab: Held in net/web   |     1 |     1 ||     2
  Eat: Chunk             |       |     1 ||     1
Armor: Leather armour    |     8 |       ||     8
       Scale mail        |    15 |     6 ||    21
Dodge: Dodged            |    42 |    14 ||    56
       Rpst.: Long sword |    11 |     1 ||    12
